 Dungeon Crawl Stone Soup version 0.27-a0-860-gaf99fae3ca (webtiles) character file.

Game seed: 16653526310620118541

81 Aggronaut the Cutter (level 4, 0/32 HPs)
             Began as a Demonspawn Wanderer on Apr 1, 2021.
             Was a Follower of Jiyva.
             Slain by a water moccasin zombie (4 damage)
             ... on level 3 of the Dungeon.
             The game lasted 00:06:10 (2887 turns).

Aggronaut the Cutter (Demonspawn Wanderer)          Turns: 2887, Time: 00:06:10

Health: 0/32       AC:  2    Str: 12    XL:     4   Next: 20%
Magic:  4/4        EV: 11    Int: 12    God:    Jiyva [*.....]
Gold:   33         SH:  0    Dex: 15    Spells: 3/3 levels left

rFire    . . .     SeeInvis .   d - +0 dagger (drain)
rCold    . . .     Faith    .   (no shield)
rNeg     . . .     Spirit   .   a - +0 robe
rPois    .         Reflect  .   (helmet restricted)
rElec    .         Harm     .   (no cloak)
rCorr    .         Rampage  .   (no gloves)
Will     .....                  (no boots)
Stlth    ++........             (no amulet)
HPRegen  0.10/turn              (no ring)
MPRegen  0.09/turn              (no ring)

@: brilliant
A: horns 1, sturdy frame 1, demonic magic 1
a: Renounce Religion, Request Jelly


You were on level 3 of the Dungeon.
You worshipped Jiyva.
Jiyva was aware of your devotion.
You visited 1 branch of the dungeon, and saw 3 of its levels.

You collected 33 gold pieces.

Inventory:

Hand Weapons
 d - a +0 dagger of draining (weapon)
Armour
 a - a +0 robe (worn)
 b - a +3 scale mail
Potions
 f - a potion of cancellation


   Skills:
 - Level 1.0 Fighting
 * Level 3.5 Short Blades
 - Level 1.7 Crossbows
 - Level 1.7 Armour
 - Level 1.0 Dodging
 + Level 2.4 Stealth
 - Level 1.0 Evocations


You had 3 spell levels left.
You didn't know any spells.
Your spell library was empty.

Dungeon Overview and Level Annotations

Branches:
Dungeon (3/15)

Altars:
Jiyva


Innate Abilities, Weirdness & Mutations

You have a pair of small horns on your head.
Your movements are slightly less encumbered by armour. (ER -2)
Spells you cast may paralyse adjacent enemies.


Message History

The water moccasin zombie is lightly damaged.
The water moccasin zombie bites you. The kobold hits you with a +0 dagger.
The water moccasin zombie bites you!
You closely miss the kobold. Your headbutt misses the kobold.
The kobold hits you with a +0 dagger.
You barely miss the kobold. Your headbutt misses the kobold.
The kobold hits you with a +0 dagger.
You hit the kobold. You drain the kobold.
You kill the kobold!
The rat bites you.
Things that are here:
a +0 dagger; a kobold corpse You barely miss the rat.
You hit the rat but do no damage. You drain the rat.
You headbutt the rat, but do no damage.
The rat is severely wounded.
The rat bites you.
You hit the rat. You headbutt the rat.
You kill the rat!
You barely miss the water moccasin zombie.
The water moccasin zombie is lightly damaged.
The water moccasin zombie closely misses you.
You hit the water moccasin zombie. You headbutt the water moccasin zombie.
The water moccasin zombie is moderately damaged.
The water moccasin zombie closely misses you.
You hit the water moccasin zombie but do no damage.
The water moccasin zombie is moderately damaged.
The water moccasin zombie bites you.
* * * LOW HITPOINT WARNING * * *
You hit the water moccasin zombie but do no damage.
You headbutt the water moccasin zombie.
The water moccasin zombie is moderately damaged.
The water moccasin zombie barely misses you.
The water moccasin zombie bites you.
* * * LOW HITPOINT WARNING * * *
It was a potion of brilliance.
You feel clever all of a sudden.
The water moccasin zombie closely misses you.
The water moccasin zombie bites you.
You die...

###########
#.........#
#.........#
#......Z@.#
#.........#
#.....)..<#
#####....##
####.### #.†.###
#.#..)#######.
###.............
................##


You could see a water moccasin zombie.

Vanquished Creatures
  Robin (D:2)
  2 adders (D:2)
  A worm (D:2)
  A dart slug (D:2)
  2 endoplasms
  A giant cockroach (D:1)
  9 goblins
  7 hobgoblins
  2 jackals (D:1)
  4 kobolds
  A quokka (D:1)
  3 ball pythons (D:1)
  4 bats
  2 frilled lizards
  6 rats
46 creatures vanquished.

Vanquished Creatures (others)
  An adder (D:2)
  An endoplasm (D:2)
  4 goblins (D:2)
  A bat (D:2)
7 creatures vanquished.

Grand Total: 53 creatures vanquished

Notes
Turn   | Place    | Note
-------+----------+-------------------------------------------
     0 | D:1      | Aggronaut the Demonspawn Wanderer began the quest for the
                  | Orb.
     0 | D:1      | Aggronaut set off with the following items: a +0 short
                  | sword, a +2 scale mail, a potion of lignification
     0 | D:1      | Reached XP level 1. HP: 15/15 MP: 1/1
   124 | D:1      | Reached skill level 2 in Short Blades
   367 | D:1      | Gained mutation: You have a pair of small horns on your
                  | head. [demonic ancestry]
   367 | D:1      | Reached XP level 2. HP: 19/21 MP: 2/2
  1311 | D:2      | Gained mutation: Your movements are slightly less
                  | encumbered by armour. (ER -2) [demonic ancestry]
  1311 | D:2      | Reached XP level 3. HP: 17/26 MP: 3/3
  1804 | D:2      | Found a faded altar of an unknown god.
  1817 | D:2      | Became a worshipper of Jiyva Judifale the Shapeless
  1817 | D:2      | Reached * piety under Jiyva
  1881 | D:2      | Reached skill level 3 in Short Blades
  2409 | D:2      | Noticed Robin
  2426 | D:2      | Killed Robin
  2432 | D:2      | Gained mutation: Spells you cast may paralyse adjacent
                  | enemies. [demonic ancestry]
  2432 | D:2      | Reached XP level 4. HP: 15/32 MP: 4/4
  2887 | D:3      | Slain by a water moccasin zombie

Illustrated notes

Levels and vault maps discovered:
D:1:      mainiacjoe_arrival_reflecting_pool, layout_loops_ring,
          roderic_roman_lattice, kennysheep_pointless_box
D:2:      layout_basic, basic_ecumenical_altar, minmay_pentomino_z2, uniq_robin
D:3:      layout_rooms, serial_bayou_pond_e

Skill      XL: |  1  2  3 |
---------------+----------+-----
Short Blades   | 2 3 |  3.5
Stealth        | 2 |  2.4
Fighting       | |  1.0
Crossbows      | |  1.7
Armour         | |  1.7
Dodging        | |  1.0
Evocations     | |  1.0

Action                   |  1- 3 |  4- 6 || total
-------------------------+-------+-------++-------
Melee: Short sword       |    24 |       ||    24
       Dagger            |   118 |    21 ||   139
       Headbutt          |    13 |     5 ||    18
  Use: Scroll            |     3 |       ||     3
       Potion            |     1 |     1 ||     2
 Stab: Sleeping          |     2 |       ||     2
Armor: Scale mail        |    32 |       ||    32
       Robe              |    12 |       ||    12
       Skin              |     7 |       ||     7
Dodge: Dodged            |    57 |    12 ||    69

Table legend: (Time is in decaauts)
 A = Elapsed time spent in this place.
 B = Non-inter-level travel time spent in this place.
 C = Inter-level travel time spent in this place.
 D = Time resting spent in this place.
 E = Time spent auto-exploring this place.
 F = Levels seen in this place.
 G = Mean time per level.
                   A        B        C        D        E       F      G
               +--------+--------+--------+--------+--------+-----+--------+
         Total |   2867 |   2761 |    106 |   1204 |    988 |   3 |  955.7 |
       Dungeon |   2867 |   2761 |    106 |   1204 |    988 |   3 |  955.7 |
               +--------+--------+--------+--------+--------+-----+--------+

Top non-repeatable levels by time:
     D:2: 1542 daAuts
     D:1: 1253 daAuts
     D:3: 71 daAuts
